 Dungeon Crawl Stone Soup version 0.26-a0-651-gb41185065b (webtiles) character file.

Game seed: 6863633126672511424

898 loralnil the Grave Robber (level 7, 0/36 HPs)
             Began as a Deep Elf Necromancer on Oct 19, 2020.
             Killed from afar by a white imp (6 damage)
             ... with a puff of frost
             ... on level 5 of the Dungeon.
             The game lasted 00:10:29 (5283 turns).

loralnil the Grave Robber (Deep Elf Necromancer)    Turns: 5283, Time: 00:10:29

Health: 0/36       AC:  6    Str:  5    XL:     7   Next: 79%
Magic:  0/18       EV: 15    Int: 22    God:
Gold:   359        SH:  0    Dex: 15    Spells: 8/18 levels left

rFire    . . .     SeeInvis .   u - +2 dagger (flame)
rCold    . . .     Faith    +   (no shield)
rNeg     . . .     Spirit   .   a - +0 robe
rPois    .         Reflect  .   (no helmet)
rElec    .         Harm     .   (no cloak)
rCorr    .         Rampage  .   p - +0 pair of gloves
MR       +....                  j - +2 pair of boots
Stlth    +++.......             m - amulet of faith
HPRegen  0.12/turn              b - ring of protection from magic
MPRegen  0.16/turn              (no ring)

@: no status effects
A: no striking features
a: no special abilities


You were on level 5 of the Dungeon.
You visited 1 branch of the dungeon, and saw 5 of its levels.

You collected 359 gold pieces.

Inventory:

Hand Weapons
 q - a +2 rapier of speed
 u - a +2 dagger of flaming (weapon)
Armour
 a - a +0 robe (worn)
 j - a +2 pair of boots (worn)
 p - a +0 pair of gloves (worn)
Jewellery
 b - a ring of protection from magic (left hand)
 m - an amulet of faith (around neck)
Scrolls
 c - 3 scrolls of teleportation
 e - a scroll of blinking {unknown}
 f - 6 scrolls of remove curse
 i - a scroll of amnesia {unknown}
 k - a scroll of magic mapping {unknown}
 o - a scroll of enchant armour {unknown}
 r - a scroll of random uselessness {unknown}
 s - 2 scrolls of identify {unknown}
 w - a scroll of fog {unknown}
Potions
 d - a potion of ambrosia {unknown}
 g - 7 potions of curing {unknown}
 h - a potion of haste {unknown}
 l - 2 potions of cancellation {unknown}
 n - 2 potions of flight {unknown}
 t - a potion of stabbing {unknown}
 v - a potion of lignification {unknown}


   Skills:
 - Level 2.0 Short Blades
 + Level 5.5 Dodging
 + Level 5.9 Stealth
 + Level 6.2 Spellcasting
 + Level 6.9 Necromancy
 + Level 1.7 Ice Magic


You had 8 spell levels left.
You knew the following spells:

 Your Spells              Type           Power        Failure   Level
a - Pain                  Necr           ####         1%          1
b - Animate Skeleton      Necr           #####.       1%          1
c - Vampiric Draining     Necr           #####.....   1%          3
d - Animate Dead          Necr           #####.....   4%          4
e - Freeze                Ice            ##..         4%          1

Your spell library contained the following spells:

 Spells                   Type           Power        Failure   Level
 Frozen Ramparts          Ice            ##....       13%         3
 Ozocubu's Armour         Ice            ##......     13%         3
 Agony                    Necr           #####...     14%         5
 Hailstorm                Conj/Ice       ##......     52%         4
 Summon Ice Beast         Ice/Summ       ##......     52%         4


Dungeon Overview and Level Annotations

Branches:
Dungeon (5/15)
 Temple: D:4-7

Altars:
Ru
Uskayaw
Xom
The Shining One


Message History

Aiming: Vampiric Draining (safe; 1% risk of failure)
Press: ? - help, Shift-Dir - straight line, f - orc
Aim: an orc, wielding a +0 club and wearing a cursed +0 leather armour (severely wounded)
You kill the orc!
You feel life coursing into your body. The white imp gestures at you.
The puff of frost hits you! The white imp hits you. The white imp freezes you.
Things that are here:
a +0 club; a cursed +0 leather armour; an orc corpse You hit the white imp.
You burn the white imp.
The white imp is lightly wounded.
The white imp gestures at you. The puff of frost hits you.
* * * LOW HITPOINT WARNING * * *
You hit the white imp but do no damage.
The white imp is lightly wounded.
The white imp gestures at you. The puff of frost hits you.
You die...

###..#...#[#...#)#...#.#..
#.........#...#รท..#...#...
#.##.)(.................
#.. #.#.)#..)#...#...#...#
... #.#...#.#...#.#...#(#
.## #......#...#...#...#...
##.....................
##....)###############
#(.....5@......#
#.....########....#
.).$....# ##... ####.....#
# #.....# #.....# #######


You could see a white imp.

Vanquished Creatures
  A wyvern (D:5)
  A sky beast (D:5)
  An ogre (D:2)
  2 scorpions (D:4)
  A howler monkey (D:5)
  A hound (D:5)
  Terence (D:3)
  4 orc wizards
  3 worker ants
  A worker ant zombie (D:5)
  Robin (D:3)
  8 adders
  An adder skeleton (D:5)
  4 worms
  A dart slug (D:4)
  3 leopard geckos
  16 orcs
  2 giant cockroaches
  13 goblins
  8 hobgoblins
  9 jackals
  5 kobolds
  A quokka (D:2)
  6 bats
  5 frilled lizards
  A leopard gecko skeleton (D:4)
  6 rats
106 creatures vanquished.

Notes
Turn   | Place    | Note
-------+----------+-------------------------------------------
     0 | D:1      | loralnil the Deep Elf Necromancer began the quest for the
                  | Orb.
     0 | D:1      | Reached XP level 1. HP: 10/10 MP: 6/6
   438 | D:1      | Reached skill level 5 in Necromancy
   438 | D:1      | Reached XP level 2. HP: 15/15 MP: 6/8
  1078 | D:2      | Learned a level 1 spell: Animate Skeleton
  1097 | D:2      | Found a shimmering altar of Xom.
  1097 | D:2      | Found a sacrificial altar of Ru.
  1267 | D:2      | Reached XP level 3. HP: 18/19 MP: 7/10
  1537 | D:2      | Learned a level 3 spell: Vampiric Draining
  1735 | D:2      | Noticed an ogre
  1746 | D:2      | Killed an ogre
  1746 | D:2      | Reached XP level 4. HP: 15/24 MP: 0/12
  1754 | D:2      | Reached XP level 5. HP: 17/28 MP: 0/13
  2358 | D:3      | Noticed Robin
  2404 | D:3      | Killed Robin
  2872 | D:3      | Noticed Terence
  2879 | D:3      | Killed Terence
  3624 | D:4      | Found a glowing golden altar of the Shining One.
  3629 | D:4      | Reached skill level 5 in Spellcasting
  3629 | D:4      | Reached XP level 6. HP: 25/32 MP: 8/15
  3635 | D:4      | Learned a level 4 spell: Animate Dead
  3825 | D:4      | Found a hide-covered altar of Uskayaw.
  4327 | D:4      | Reached skill level 5 in Stealth
  4503 | D:5      | Entered Level 5 of the Dungeon
  4777 | D:5      | Noticed a sky beast
  4810 | D:5      | Reached skill level 1 in Short Blades
  4810 | D:5      | Reached XP level 7. HP: 36/36 MP: 7/17
  4879 | D:5      | Learned a level 1 spell: Freeze
  4940 | D:5      | Reached skill level 5 in Dodging
  5006 | D:5      | Noticed a wyvern
  5011 | D:5      | Killed a wyvern
  5011 | D:5      | Reached skill level 1 in Ice Magic
  5283 | D:5      | Killed from afar by a white imp

Illustrated notes

Levels and vault maps discovered:
D:1:      dpeg_arrival_another_circle, layout_basic, minmay_misc_feat_iff
D:2:      minmay_chambers_of_twos, layout_basic,
          chequers_temple_overflow_statue_of_worship
D:3:      layout_basic, kennysheep_cross_room, uniq_terence, uniq_robin
D:4:      layout_loops_cross, kennysheep_mini, tso_oasis_becter
D:5:      cheibrodos_fzero, layout_rooms, okawaru_altar_gauntlet_db

Skill      XL: |  1  2  3  4  5  6  7 |
---------------+----------------------+-----
Necromancy     | 5 6 |  6.9
Stealth        | 3 4 5 |  5.9
Dodging        | 3 4 5 |  5.5
Spellcasting   | 4 5 6 |  6.2
Short Blades   | 1 2 |  2.0
Ice Magic      | 1 |  1.7

Action                   |  1- 3 |  4- 6 |  7- 9 || total
-------------------------+-------+-------+-------++-------
Melee: Dagger            |     4 |    41 |     4 ||    49
       Rapier            |       |     8 |    17 ||    25
 Cast: Pain              |    46 |   106 |    15 ||   167
       Vampiric Draining |     3 |    19 |    17 ||    39
  Use: Scroll            |     2 |       |       ||     2
 Stab: Sleeping          |       |       |     1 ||     1
Armor: Robe              |     2 |    22 |     5 ||    29
Dodge: Dodged            |    12 |    59 |    16 ||    87

Table legend: (Time is in decaauts)
 A = Elapsed time spent in this place.
 B = Non-inter-level travel time spent in this place.
 C = Inter-level travel time spent in this place.
 D = Time resting spent in this place.
 E = Time spent auto-exploring this place.
 F = Levels seen in this place.
 G = Mean time per level.
                   A        B        C        D        E       F      G
               +--------+--------+--------+--------+--------+-----+--------+
         Total |   5274 |   5150 |    124 |    105 |   4365 |   5 | 1054.8 |
       Dungeon |   5274 |   5150 |    124 |    105 |   4365 |   5 | 1054.8 |
               +--------+--------+--------+--------+--------+-----+--------+

Top non-repeatable levels by time:
     D:2: 1515 daAuts
     D:3: 1291 daAuts
     D:4: 909 daAuts
     D:1: 784 daAuts
     D:5: 773 daAuts
